 Dungeon Crawl Stone Soup version 0.28-a0-1447-ga5a8893891 (webtiles) character file.

Game seed: 14328324028512627845

54 testman the Vandal (level 3, 0/31 HPs)
             Began as a Gnoll Wanderer on Jan 11, 2022.
             Was an Initiate of Ashenzari.
             Slain by a gnoll (10 damage)
             ... on level 1 of the Dungeon.
             The game lasted 00:11:07 (1286 turns).

testman the Vandal (Gnoll Wanderer)                 Turns: 1286, Time: 00:11:08

Health: 0/31       AC:  6    Str: 14    XL:     3   Next: 91%
Magic:  5/7        EV: 10    Int: 10    God:    Ashenzari [......]
Gold:   45         SH:  0    Dex: 11    Spells: 6/7 levels left

rFire   . . .      SeeInvis .   h - +0 dagger
rCold   . . .      Faith    .   (no shield)
rNeg    . . .      Spirit   .   c - +0 ring mail "Bound Together" {Range, Melee} (curse)
rPois   .          Reflect  .   (no helmet)
rElec   .          Harm     .   (no cloak)
rCorr   .          Rampage  .   (no gloves)
Will    .....                   (no boots)
Stlth   +.........              (no amulet)
HPRegen 0.10/turn               (no ring)
MPRegen 0.10/turn               (no ring)

@: very slightly contaminated
A: fangs 1, strong nose, distributed training
a: Renounce Religion, Shatter the Chains


You were on level 1 of the Dungeon.
You worshipped Ashenzari.
Ashenzari was noncommittal.
You visited 1 branch of the dungeon, and saw 2 of its levels.

You collected 45 gold pieces.

Inventory:

Hand Weapons
 a - a +2 hunting sling
 h - a +0 dagger (weapon)
Missiles
 b - 31 sling bullets
 d - 64 stones
 l - 13 poisoned darts
Armour
 c - the cursed +0 ring mail "Bound Together" (worn) {Range, Melee}

   It has a curse which improves the following skills: Ranged Combat: Slings,
   Bows, Crossbows and Throwing.
   Melee Combat: Short Blades, Long Blades, Axes, Maces & Flails, Polearms,
   Staves and Unarmed Combat.
Scrolls
 e - a scroll of identify {unknown}
 g - 2 scrolls of blinking {unknown}
 j - a scroll of amnesia {unknown}
 k - a scroll of holy word {unknown}
Potions
 f - 2 potions of curing {unknown}
 i - a potion of lignification {unknown}


   Skills:
 + Level 4.6 Fighting
 + Level 1.0(1.2) Short Blades
 + Level 1.0(1.2) Long Blades
 + Level 1.0(1.2) Axes
 + Level 1.0(1.2) Maces & Flails
 + Level 1.0(1.2) Polearms
 + Level 1.0(1.2) Staves
 + Level 6.5(7.0) Slings
 + Level 1.0(1.2) Bows
 + Level 1.0(1.2) Crossbows
 + Level 1.0(1.2) Throwing
 + Level 4.6 Armour
 + Level 1.0 Dodging
 + Level 2.4 Stealth
 + Level 1.0 Shields
 + Level 1.0(1.2) Unarmed Combat
 + Level 2.9 Spellcasting
 + Level 0.7 Conjurations
 + Level 0.7 Hexes
 + Level 0.7 Summonings
 + Level 0.7 Necromancy
 + Level 0.7 Translocations
 + Level 0.7 Transmutations
 + Level 0.7 Fire Magic
 + Level 0.7 Ice Magic
 + Level 0.7 Air Magic
 + Level 0.7 Earth Magic
 + Level 2.1 Poison Magic
 + Level 1.0 Invocations
 + Level 1.0 Evocations


You had 6 spell levels left.
You knew the following spells:

 Your Spells              Type           Power      Damage    Failure   Level
a - Sting                 Tmut/Pois      16%        1d3       30%         1

Your spell library contained the following spells:

 Spells                   Type           Power      Damage    Failure   Level
 Magic Dart               Conj           8%         1d3       38%         1
 Blink                    Tloc           4%         N/A       52%         2
 Call Imp                 Summ           2%         N/A       52%         2
 Spider Form              Tmut/Pois      4%         N/A       65%         3
 Ignite Poison            Fire/Tmut/Pois 3%         N/A       69%         3
 Mephitic Cloud           Conj/Pois/Air  3%         N/A       69%         3
 Lesser Beckoning         Tloc           2%         N/A       77%         3
 Freezing Cloud           Conj/Ice/Air   1%         6-21      100%        5
 Manifold Assault         Tloc           2%         N/A       100%        5


Dungeon Overview and Level Annotations

Branches:
Dungeon (2/15)

Altars:
Ashenzari


Innate Abilities, Weirdness & Mutations

You have very sharp teeth.
Your uncanny sense of smell can sniff out nearby items.
Your experience applies equally to all skills.


Message History

The gnoll is moderately wounded.
The gnoll hits you with a +0 halberd.
You closely miss the gnoll. You bite the gnoll, but do no damage.
The gnoll is moderately wounded.
You hit the gnoll.
The gnoll is heavily wounded.
The gnoll hits you with a +0 halberd!
You barely miss the gnoll.
The gnoll is heavily wounded.
The gnoll looks more healthy.
The gnoll barely misses you.
You barely miss the gnoll.
The gnoll is severely wounded.
The gnoll closely misses you.
You hit the gnoll but do no damage.
The gnoll is severely wounded.
The gnoll closely misses you.
Casting: Sting (safe; 30% risk of failure)
Confirm with . or Enter, or press ? or * to list all spells.
Aiming: Sting (safe; 30% risk of failure)
Press: ? - help, Shift-Dir - straight line, f/p - gnoll
Aim: a gnoll, wielding a +0 halberd (severely wounded, 69% to hit)
The sting hits the gnoll but does no damage.
The gnoll is poisoned.
The gnoll is severely wounded.
The gnoll barely misses you.
Casting: Sting (safe; 30% risk of failure)
Confirm with . or Enter, or press ? or * to list all spells.
Aiming: Sting (safe; 30% risk of failure)
Press: ? - help, Shift-Dir - straight line, f/p - gnoll
Aim: a gnoll, wielding a +0 halberd (severely wounded, poisoned, 69% to hit)
You miscast Sting.
You are very lightly contaminated with residual magic.
Nothing appears to happen.
The gnoll hits you with a +0 halberd.
You hit the gnoll but do no damage.
The gnoll is severely wounded.
The gnoll barely misses you.
You hit the gnoll.
The gnoll is almost dead.
The gnoll hits you with a +0 halberd!
You die...

#.#..#...# #.#...#
#..#..#..###.#.#### ########
#...#......'P8....## ##...##..
#.#..#..##.#####P_.#####........
#..#..#.#..# ##.P.P8P'....>...
#...#.....## ####.#.#........
#.#..#....# ###...#.#........
##..#..#.### ##.#'###.#........
#....#....# #@g#....P##...##..
#..#..#...# ###[###############.
#.........# #...# #.
#.........####.### #.
############8..####### ##
#....................############
#.#####...##8..#####.............
#.# #.....##.## ##############
#.# ##.<.###.## #


You could see a gnoll (poisoned).

Vanquished Creatures
  A gnoll (D:2)
  An adder (D:2)
  A bat (D:2)
  6 endoplasms
  2 giant cockroaches (D:1)
  4 hobgoblins
  2 jackals (D:2)
  2 kobolds (D:1)
  A quokka (D:2)
  3 ball pythons (D:1)
  2 frilled lizards
  3 goblins (D:1)
  3 rats
31 creatures vanquished.

Notes
Turn   | Place    | Note
-------+----------+-------------------------------------------
     0 | D:1      | testman the Gnoll Wanderer began the quest for the Orb.
     0 | D:1      | testman set off with the following items: a +2 hunting
                  | sling, 17 sling bullets, a +0 ring mail; and the following
                  | spell memorised: Sting; and the following spells available
                  | to memorise: Spider Form
     0 | D:1      | Reached XP level 1. HP: 20/20 MP: 4/4
   149 | D:1      | Reached XP level 2. HP: 26/26 MP: 5/5
   489 | D:1      | Found a faded altar of an unknown god.
   505 | D:1      | Prayed at the altar of an unknown god.
   505 | D:1      | Became a worshipper of Ashenzari the Shackled
   531 | D:1      | Reached XP level 3. HP: 31/31 MP: 7/7
   954 | D:2      | Reached skill level 1 in Invocations
  1128 | D:2      | Reached skill level 1 in Short Blades
  1128 | D:2      | Reached skill level 1 in Long Blades
  1128 | D:2      | Reached skill level 1 in Axes
  1128 | D:2      | Reached skill level 1 in Maces & Flails
  1128 | D:2      | Reached skill level 1 in Polearms
  1128 | D:2      | Reached skill level 1 in Staves
  1128 | D:2      | Reached skill level 1 in Bows
  1128 | D:2      | Reached skill level 1 in Crossbows
  1128 | D:2      | Reached skill level 1 in Throwing
  1128 | D:2      | Reached skill level 1 in Dodging
  1128 | D:2      | Reached skill level 1 in Shields
  1128 | D:2      | Reached skill level 1 in Unarmed Combat
  1128 | D:2      | Reached skill level 1 in Evocations
  1286 | D:1      | Slain by a gnoll

Illustrated notes

Levels and vault maps discovered:
D:1:      psy_arrival_basics, layout_rooms, shapermc_ecumenical_altar_ellora,
          minmay_misc_feat_diagonals, minmay_pentomino_z4
D:2:      layout_basic, minivault_27, minmay_cupped

Skill      XL: |  1  2  3 |
---------------+----------+-----
Poison Magic   | 2 |  2.1
Invocations    | 1 |  1.0
Short Blades   | 1 |  1.0
Long Blades    | 1 |  1.0
Axes           | 1 |  1.0
Maces & Flails | 1 |  1.0
Polearms       | 1 |  1.0
Staves         | 1 |  1.0
Bows           | 1 |  1.0
Crossbows      | 1 |  1.0
Throwing       | 1 |  1.0
Dodging        | 1 |  1.0
Shields        | 1 |  1.0
Unarmed Combat | 1 |  1.0
Evocations     | 1 |  1.0
Fighting       | |  4.6
Slings         | |  6.5
Armour         | |  4.6
Stealth        | |  2.4
Spellcasting   | |  2.9
Conjurations   | |  0.7
Hexes          | |  0.7
Summonings     | |  0.7
Necromancy     | |  0.7
Translocations | |  0.7
Transmutations | |  0.7
Fire Magic     | |  0.7
Ice Magic      | |  0.7
Air Magic      | |  0.7
Earth Magic    | |  0.7

Action                   || total
-------------------------++-------
Melee: Dagger            ||    40
       Bite              ||     2
       Punch             ||     1
 Fire: Hunting sling     ||    40
 Cast: Sting             ||    17
Invok: Curse Item        ||     1
Armor: Ring mail         ||    13
Dodge: Dodged            ||    39

Table legend: (Time is in decaauts)
 A = Elapsed time spent in this place.
 B = Non-inter-level travel time spent in this place.
 C = Inter-level travel time spent in this place.
 D = Time resting spent in this place.
 E = Time spent auto-exploring this place.
 F = Levels seen in this place.
 G = Mean time per level.
                   A        B        C        D        E       F      G
               +--------+--------+--------+--------+--------+-----+--------+
         Total |   1278 |   1259 |     19 |    124 |    861 |   2 |  639.0 |
       Dungeon |   1278 |   1259 |     19 |    124 |    861 |   2 |  639.0 |
               +--------+--------+--------+--------+--------+-----+--------+

Top non-repeatable levels by time:
     D:1: 804 daAuts
     D:2: 474 daAuts
